| TOP OF THE 1ST |
|
Tacoma Rainiers batting - Pitching for Buffalo Bisons : RHP Hector Bojorquez
|
|
Pitching: RHP Hector Bojorquez
|
|
|
Batting: LHB Caleb Domino
|
0-0: Called Strike 0-1: Ground out 4-3 (Groundball, 4, EV 89.4 MPH)
|
|
Batting: RHB Brad Robidas
|
0-0: Foul Ball, location: 2F 0-1: Foul Ball, location: 2F 0-2: Ball 1-2: SINGLE (Groundball, 5S, EV 74.4 MPH) (infield hit)
|
|
Batting: RHB Harutomi Matsubara
|
0-0: Ball Brad Robidas steals 2nd base 1-0: Ground out 6-3 (Groundball, 6, EV 90.0 MPH) Brad Robidas to third
|
|
Batting: LHB Ryan Lowe
|
0-0: Ball 1-0: Called Strike 1-1: Ball 2-1: Ball 3-1: Base on Balls
|
|
Batting: RHB Tony Vargas
|
0-0: Ball 1-0: Foul Ball, location: 2F 1-1: Ball 2-1: SINGLE (Groundball, 34D, EV 100.0 MPH) Brad Robidas scores Ryan Lowe to second Runner from 2nd tries for 3rd, SAFE, throw by RF made at trailing runner, OUT! 9-6
|
| Top of the 1st over - 1 run, 2 hits, 0 errors, 1 left on base; Tacoma 1 - Buffalo 0 |
| BOTTOM OF THE 1ST |
|
Buffalo Bisons batting - Pitching for Tacoma Rainiers : RHP Chris Gilbo
|
|
Pitching: RHP Chris Gilbo
|
|
|
Batting: RHB Finn Ross
|
0-0: Ball 1-0: Called Strike 1-1: Called Strike 1-2: Fly out, F8 (Flyball, 8RM, EV 96.2 MPH)
|
|
Pitching: RHP Kurt Loscalzo
|
|
|
Batting: LHB Da Vo
|
0-0: Ball 1-0: Foul Ball, location: 2F 1-1: Ball 2-1: Ball 3-1: Base on Balls
|
|
Batting: RHB Francisco Hernandez
|
0-0: Called Strike Da Vo is caught stealing 2nd base 2-4 0-1: Called Strike 0-2: Ball 1-2: Strikes out swinging
|
| Bottom of the 1st over - 0 runs, 0 hits, 0 errors, 0 left on base; Tacoma 1 - Buffalo 0 |
| TOP OF THE 2ND |
|
Tacoma Rainiers batting - Pitching for Buffalo Bisons : RHP Hector Bojorquez
|
|
Batting: RHB Rick Ellis
|
0-0: Ball 1-0: Called Strike 1-1: Ball 2-1: Ground out 6-3 (Groundball, 6, EV 111.2 MPH)
|
|
Batting: RHB Kevin Chafe
|
0-0: Ball 1-0: Foul Ball, location: 2F 1-1: DOUBLE (Line Drive, 8RXD, EV 111.2 MPH)
|
|
Batting: RHB Kikuo Sato
|
0-0: Ground out 5-3 (Groundball, 56S, EV 76.9 MPH)
|
|
Batting: LHB Ignacio Bernal
|
0-0: Ball 1-0: SINGLE (Groundball, 6S, EV 64.4 MPH) (infield hit) Kevin Chafe to third
|
|
Batting: LHB Caleb Domino
|
0-0: Called Strike 0-1: Fly out, F7 (Flyball, 78M, EV 84.4 MPH)
|
| Top of the 2nd over - 0 runs, 2 hits, 0 errors, 2 left on base; Tacoma 1 - Buffalo 0 |
| BOTTOM OF THE 2ND |
|
Buffalo Bisons batting - Pitching for Tacoma Rainiers : RHP Kurt Loscalzo
|
|
Batting: RHB Jordan Fairburn
|
0-0: SINGLE (Groundball, 6MD, EV 105.0 MPH)
|
|
Batting: RHB Danny Heyer
|
0-0: Ball 1-0: Ball 2-0: Called Strike 2-1: Ball 3-1: Foul Ball, location: 2F 3-2: Base on Balls Jordan Fairburn to second
|
|
Batting: RHB Jorge Baret
|
0-0: Foul Ball, location: 2F 0-1: Swinging Strike 0-2: Ball 1-2: Fielders Choice at 2nd, 6-4 (Groundball, 6D, EV 98.1 MPH) Jordan Fairburn to third
|
|
Batting: RHB Cyril Husson
|
0-0: Ball 1-0: Called Strike 1-1: Ball 2-1: SINGLE (Groundball, 3D, EV 96.9 MPH) Jordan Fairburn scores Jorge Baret to second Runner from 2nd tries for 3rd, SAFE, throw by RF made to third
|
|
Batting: RHB Justin Ganey
|
0-0: Swinging Strike 0-1: Foul Ball, location: 2F 0-2: Foul Ball, location: 2F 0-2: Ball 1-2: Ball 2-2: Ball 3-2: Base on Balls Cyril Husson to second
|
|
Batting: RHB Darren McCarty Jr.
|
0-0: Ball 1-0: Ball 2-0: Ball 3-0: Foul Ball, location: 2F 3-1: Base on Balls Jorge Baret scores Cyril Husson to third Justin Ganey to second
|
|
Batting: RHB Finn Ross
|
0-0: Foul Ball, location: 2F 0-1: Grounds into double play, 6-4-3 (Groundball, 6, EV 88.1 MPH)
|
| Bottom of the 2nd over - 2 runs, 2 hits, 0 errors, 2 left on base; Tacoma 1 - Buffalo 2 |
| TOP OF THE 3RD |
|
Tacoma Rainiers batting - Pitching for Buffalo Bisons : RHP Hector Bojorquez
|
|
Batting: RHB Brad Robidas
|
0-0: Ball 1-0: Ball 2-0: Fly out, F9 (Flyball, 9, EV 90.6 MPH)
|
|
Batting: RHB Harutomi Matsubara
|
0-0: Ball 1-0: Foul Ball, location: 2F 1-1: Ball 2-1: Ball 3-1: Fly out, F4 (Popup, 3S, EV 81.9 MPH)
|
|
Batting: LHB Ryan Lowe
|
0-0: Swinging Strike 0-1: Fly out, F9 (Flyball, 9S, EV 90.0 MPH)
|
| Top of the 3rd over - 0 runs, 0 hits, 0 errors, 0 left on base; Tacoma 1 - Buffalo 2 |
| BOTTOM OF THE 3RD |
|
Buffalo Bisons batting - Pitching for Tacoma Rainiers : RHP Kurt Loscalzo
|
|
Batting: LHB Da Vo
|
0-0: Called Strike 0-1: Called Strike 0-2: Foul Ball, location: 2F 0-2: Strikes out looking
|
|
Batting: RHB Francisco Hernandez
|
0-0: Foul Ball, location: 2F 0-1: Ball 1-1: Fly out, F7 (Flyball, 7S, EV 97.5 MPH)
|
|
Batting: RHB Jordan Fairburn
|
0-0: Called Strike 0-1: SINGLE (Groundball, 23, EV 68.8 MPH) (infield hit)
|
|
Batting: RHB Danny Heyer
|
0-0: Called Strike 0-1: Foul Ball, location: 2F 0-2: Fly out, F8 (Flyball, 8LD, EV 98.8 MPH)
|
| Bottom of the 3rd over - 0 runs, 1 hit, 0 errors, 1 left on base; Tacoma 1 - Buffalo 2 |
| TOP OF THE 4TH |
|
Tacoma Rainiers batting - Pitching for Buffalo Bisons : RHP Hector Bojorquez
|
|
Batting: RHB Tony Vargas
|
0-0: Ball 1-0: Foul Ball, location: 2F 1-1: Called Strike 1-2: Foul Ball, location: 2F 1-2: Ball 2-2: Ball 3-2: Base on Balls
|
|
Batting: RHB Rick Ellis
|
0-0: Grounds into double play, 6-4-3 (Groundball, 6, EV 84.4 MPH)
|
|
Batting: RHB Kevin Chafe
|
0-0: Called Strike 0-1: SINGLE (Line Drive, 9S, EV 105.6 MPH)
|
|
Batting: RHB Kikuo Sato
|
0-0: Called Strike 0-1: Ground out 4-3 (Groundball, 34, EV 91.9 MPH)
|
| Top of the 4th over - 0 runs, 1 hit, 0 errors, 1 left on base; Tacoma 1 - Buffalo 2 |
| BOTTOM OF THE 4TH |
|
Buffalo Bisons batting - Pitching for Tacoma Rainiers : RHP Kurt Loscalzo
|
|
Batting: RHB Jorge Baret
|
0-0: Fly out, F7 (Line Drive, 78M, EV 89.4 MPH)
|
|
Batting: RHB Cyril Husson
|
0-0: Ball 1-0: Foul Ball, location: 2F 1-1: Foul Ball, location: 2F 1-2: Ball 2-2: Ball 3-2: Base on Balls
|
|
Batting: RHB Justin Ganey
|
0-0: Ground out 4-3 (Groundball, 34S, EV 85.6 MPH) Cyril Husson to second
|
|
Batting: RHB Darren McCarty Jr.
|
0-0: Ball 1-0: Fly out, F4 (Popup, 23, EV 93.1 MPH)
|
| Bottom of the 4th over - 0 runs, 0 hits, 0 errors, 1 left on base; Tacoma 1 - Buffalo 2 |
| TOP OF THE 5TH |
|
Tacoma Rainiers batting - Pitching for Buffalo Bisons : RHP Hector Bojorquez
|
|
Batting: LHB Ignacio Bernal
|
0-0: Foul Ball, location: 2F 0-1: Foul Ball, location: 2F 0-2: Strikes out swinging
|
|
Batting: LHB Caleb Domino
|
0-0: Fly out, F6 (Popup, 6M, EV 59.4 MPH)
|
|
Batting: RHB Brad Robidas
|
0-0: Ball 1-0: Swinging Strike 1-1: Foul Ball, location: 2F 1-2: Foul Ball, location: 2F 1-2: Ground out 6-3 (Groundball, 6, EV 105.6 MPH)
|
| Top of the 5th over - 0 runs, 0 hits, 0 errors, 0 left on base; Tacoma 1 - Buffalo 2 |
| BOTTOM OF THE 5TH |
|
Buffalo Bisons batting - Pitching for Tacoma Rainiers : RHP Kurt Loscalzo
|
|
Batting: RHB Finn Ross
|
0-0: Called Strike 0-1: Foul Ball, location: 2F 0-2: Ball 1-2: Strikes out swinging
|
|
Batting: LHB Da Vo
|
0-0: Foul Ball, location: 2F 0-1: Ball 1-1: Called Strike 1-2: Ground out 5-3 (Groundball, 5L, EV 106.2 MPH)
|
|
Batting: RHB Francisco Hernandez
|
0-0: Ball 1-0: Called Strike 1-1: Foul Ball, location: 2F 1-2: Foul Ball, location: 2F 1-2: Ball 2-2: Ball 3-2: Fly out, F9 (Flyball, 9S, EV 78.1 MPH)
|
| Bottom of the 5th over - 0 runs, 0 hits, 0 errors, 0 left on base; Tacoma 1 - Buffalo 2 |
| TOP OF THE 6TH |
|
Tacoma Rainiers batting - Pitching for Buffalo Bisons : RHP Hector Bojorquez
|
|
Batting: RHB Harutomi Matsubara
|
0-0: Ball 1-0: Reached on error, E6 (Groundball, 6, EV 82.5 MPH)
|
|
Batting: LHB Ryan Lowe
|
0-0: Ball Harutomi Matsubara is caught stealing 2nd base 2-6 1-0: Foul Ball, location: 2F 1-1: Called Strike 1-2: Strikes out swinging
|
|
Batting: RHB Tony Vargas
|
0-0: Called Strike 0-1: Swinging Strike 0-2: Ball 1-2: Strikes out swinging
|
| Top of the 6th over - 0 runs, 0 hits, 1 error, 0 left on base; Tacoma 1 - Buffalo 2 |
| BOTTOM OF THE 6TH |
|
Buffalo Bisons batting - Pitching for Tacoma Rainiers : RHP Kurt Loscalzo
|
|
Pitching: LHP Alex Villagran
|
|
|
Batting: RHB Jordan Fairburn
|
0-0: Called Strike 0-1: SINGLE (Line Drive, 78M, EV 94.4 MPH)
|
|
Batting: RHB Danny Heyer
|
0-0: Fly out, F6 (Line Drive, 6M, EV 69.4 MPH)
|
|
Batting: RHB Jorge Baret
|
0-0: Ball 1-0: Ground out 4-3 (Groundball, 34, EV 77.5 MPH) Jordan Fairburn to second
|
|
Batting: RHB Cyril Husson
|
0-0: Foul Ball, location: 2F 0-1: Ball 1-1: Ball 2-1: Ball 3-1: Called Strike 3-2: SINGLE (Groundball, 5D, EV 99.4 MPH) Jordan Fairburn to third Runner from 3rd tries for Home, SAFE, throw by LF to home
|
|
Batting: RHB Justin Ganey
|
0-0: Foul Ball, location: 2F 0-1: Ball 1-1: Ball 2-1: Fielders Choice at 2nd, 6-4 (Groundball, 56, EV 90.6 MPH)
|
| Bottom of the 6th over - 1 run, 2 hits, 0 errors, 1 left on base; Tacoma 1 - Buffalo 3 |
| TOP OF THE 7TH |
|
Tacoma Rainiers batting - Pitching for Buffalo Bisons : RHP Hector Bojorquez
|
|
Batting: RHB Rick Ellis
|
0-0: Ball 1-0: Called Strike 1-1: Called Strike 1-2: Ball 2-2: Ball 3-2: Base on Balls
|
|
Batting: RHB Kevin Chafe
|
0-0: Ball 1-0: Bunted foul 1-1: Sac Bunt to 5S - play at first, batter OUT! 5-3 Rick Ellis to second
|
|
Batting: RHB Kikuo Sato
|
0-0: Ground out 5-3 (Groundball, 56, EV 111.9 MPH)
|
|
Batting: LHB Ignacio Bernal
|
0-0: Called Strike 0-1: Swinging Strike 0-2: Ball 1-2: Foul Ball, location: 2F 1-2: Ball 2-2: Ground out U3 (Groundball, 3, EV 88.1 MPH)
|
| Top of the 7th over - 0 runs, 0 hits, 0 errors, 1 left on base; Tacoma 1 - Buffalo 3 |
| BOTTOM OF THE 7TH |
|
Buffalo Bisons batting - Pitching for Tacoma Rainiers : LHP Alex Villagran
|
|
Pitching: RHP Aidan Martin
|
|
|
Batting: RHB Darren McCarty Jr.
|
0-0: Called Strike 0-1: Fly out, F8 (Flyball, 8LD, EV 93.1 MPH)
|
|
Batting: RHB Finn Ross
|
0-0: Called Strike 0-1: Ball 1-1: Foul Ball, location: 2F 1-2: Foul Ball, location: 2F 1-2: Ball 2-2: Ball 3-2: Base on Balls
|
|
Batting: LHB Da Vo
|
0-0: Ball 1-0: Called Strike 1-1: Swinging Strike 1-2: Strikes out looking
|
|
Batting: RHB Francisco Hernandez
|
0-0: Ball 1-0: Ball Finn Ross steals 2nd, throwing error, E2 Finn Ross to third 2-0: Ball 3-0: Foul Ball, location: 2F 3-1: Base on Balls
|
|
Batting: RHB Jordan Fairburn
|
0-0: Called Strike Francisco Hernandez steals 2nd base 0-1: SINGLE (Line Drive, 7S, EV 90.6 MPH) Finn Ross scores Francisco Hernandez to third Runner from 3rd tries for Home, throw by LF and OUT! 7-2
|
| Bottom of the 7th over - 1 run, 1 hit, 1 error, 1 left on base; Tacoma 1 - Buffalo 4 |
| TOP OF THE 8TH |
|
Tacoma Rainiers batting - Pitching for Buffalo Bisons : RHP Hector Bojorquez
|
|
Batting: LHB Caleb Domino
|
0-0: Fly out, F7 (Flyball, 78S, EV 86.9 MPH)
|
|
Batting: RHB Brad Robidas
|
0-0: Swinging Strike 0-1: Called Strike 0-2: Ground out 6-3 (Groundball, 6, EV 89.4 MPH)
|
|
Batting: RHB Harutomi Matsubara
|
0-0: SINGLE (Groundball, 6D, EV 103.8 MPH)
|
|
Batting: LHB Ryan Lowe
|
0-0: Fielders Choice at 2nd, 6-4 (Groundball, 6, EV 83.1 MPH)
|
| Top of the 8th over - 0 runs, 1 hit, 0 errors, 1 left on base; Tacoma 1 - Buffalo 4 |
| BOTTOM OF THE 8TH |
|
Buffalo Bisons batting - Pitching for Tacoma Rainiers : RHP Aidan Martin
|
|
Pitching: RHP Dave McGee
|
|
|
Batting: RHB Danny Heyer
|
0-0: Swinging Strike 0-1: Called Strike 0-2: Strikes out swinging
|
|
Batting: RHB Jorge Baret
|
0-0: Ground out U3 (Groundball, 34, EV 78.8 MPH)
|
|
Batting: RHB Cyril Husson
|
0-0: Ground out 6-3 (Groundball, 6, EV 96.2 MPH)
|
| Bottom of the 8th over - 0 runs, 0 hits, 0 errors, 0 left on base; Tacoma 1 - Buffalo 4 |
| TOP OF THE 9TH |
|
Tacoma Rainiers batting - Pitching for Buffalo Bisons : RHP Hector Bojorquez
|
|
Pitching: LHP Mario Amore
|
|
|
Batting: RHB Tony Vargas
|
0-0: Called Strike 0-1: Ball 1-1: Foul Ball, location: 2F 1-2: Ball 2-2: Foul Ball, location: 2F 2-2: Foul Ball, location: 2F 2-2: Ball 3-2: Foul Ball, location: 2F 3-2: Foul Ball, location: 2F 3-2: Foul Ball, location: 2F 3-2: SINGLE (Groundball, 5S, EV 70.6 MPH) (infield hit)
|
|
Batting: RHB Rick Ellis
|
0-0: Called Strike 0-1: Ball 1-1: Foul Ball, location: 2F 1-2: Ball 2-2: Ball 3-2: Base on Balls Tony Vargas to second
|
|
Batting: RHB Kevin Chafe
|
0-0: Ball 1-0: Called Strike 1-1: Called Strike 1-2: Grounds into double play, 5-4-3 (Groundball, 56, EV 108.8 MPH) Tony Vargas to third
|
|
Batting: RHB Kikuo Sato
|
0-0: Fly out, F8 (Flyball, 8RM, EV 96.2 MPH)
|
| Top of the 9th over - 0 runs, 1 hit, 0 errors, 1 left on base; Tacoma 1 - Buffalo 4 |
|